 Dungeon Crawl Stone Soup version 0.17.1-2-g5865329 (webtiles) character file.

4013 Lonerover the Skirmisher (level 10, -1/104 HPs)
             Began as a Troll Monk on Jan 27, 2016.
             Was an Elder of Makhleb.
             Slain by a killer bee (12 damage)
             ... on level 8 of the Dungeon.
             The game lasted 01:39:19 (6912 turns).

Lonerover the Skirmisher (Troll Monk)               Turns: 6912, Time: 01:39:19

Health: -1/104     AC:  8    Str: 19      XL:     10   Next: 3%
Magic:  22/22      EV: 10    Int:  6      God:    Makhleb [****..]
Gold:   332        SH:  0    Dex: 10 (12) Spells: 0 memorised, 9 levels left

rFire  + + .     SeeInvis .     f - +3 executioner's axe of Xyliuss {elec, rF+ MR++ MP+9 Str-5}
rCold  x . .     Clarity  .     p - +0 animal skin
rNeg   . . .     SustAt   .     (shield currently unavailable)
rPois  .         Gourm    +     H - +1 hat
rElec  .         Spirit   .     h - +1 cloak
rCorr  .         Warding  .     (gloves unavailable)
rMut   .         Stasis   .     (boots unavailable)
MR     ++...                    i - amulet of regeneration
Stlth  +.........               (no ring)
                                j - ring of fire

@: lethally poisoned (-1 -> -11), very resistant to hostile enchantments, very
unstealthy
A: unfitting armour, claws 3, fast metabolism 3, gourmand, regeneration 2,
shaggy fur 1, tough skin 2
a: Minor Destruction, Lesser Servant of Makhleb, Major Destruction, Renounce
Religion


You were on level 8 of the Dungeon.
You worshipped Makhleb.
Makhleb was greatly pleased with you.
You were not hungry.

You visited 2 branches of the dungeon, and saw 10 of its levels.

You collected 332 gold pieces.

Inventory:

Hand Weapons
 f - the +3 executioner's axe of Xyliuss (weapon) {elec, rF+ MR++ MP+9 Str-5}
   (You acquired it on level 5 of the Dungeon)

   Occasionally, upon striking a foe, it will discharge some electrical energy
   and cause terrible harm.
   It affects your strength (-5).
   It protects you from fire.
   It affects your resistance to hostile enchantments.
   It affects your magic capacity (+9).
Missiles
 c - 238 stones (quivered)
Armour
 a - a +0 robe
 h - a +1 cloak (worn)
 p - a +0 animal skin (worn)
 w - a +0 pair of gloves
 H - a +1 hat (worn)
Magical Staves
 t - an uncursed staff of energy {unknown}
Jewellery
 i - an amulet of regeneration (around neck)
 j - a ring of fire (left claw)
 k - an uncursed amulet of guardian spirit
 C - an uncursed ring of fire
Wands
 r - a wand of polymorph (14)
 F - a wand of polymorph (7)
 J - a wand of cold (8)
Scrolls
 d - a scroll of fog {unknown}
 e - 5 scrolls of teleportation
 g - 9 scrolls of identify
 q - 5 scrolls of remove curse
 s - a scroll of magic mapping
 u - a scroll of amnesia
 y - a scroll of recharging
 G - a scroll of fear {unknown}
Potions
 l - 4 potions of lignification
 v - a potion of flight {unknown}
 x - a potion of beneficial mutation {unknown}
 z - a potion of invisibility {unknown}
 A - 2 potions of haste
 B - a potion of resistance
 E - a potion of berserk rage {unknown}
 K - a potion of brilliance
Books
 D - a book of Battle

   Spells                             Type                      Level
   a - Infusion                       Charms                       1
   b - Shroud of Golubria             Charms/Translocation         2
   c - Song of Slaying                Charms                       2
   d - Spectral Weapon                Hexes/Charms                 3
   e - Regeneration                   Charms/Necromancy            3
 I - a book of the Tempests

   Spells                             Type                      Level
   a - Static Discharge               Conjuration/Air              3
   b - Lightning Bolt                 Conjuration/Air              5
   c - Fireball                       Conjuration/Fire             5
   d - Tornado                        Air                          9
   e - Shatter                        Earth                        9
Comestibles
 b - a bread ration
 m - 2 slices of pizza
 n - a meat ration
 o - 2 beef jerkies


   Skills:
 + Level 7.7 Fighting
 + Level 5.2 Axes
 - Level 2.8 Dodging
 - Level 1.1 Stealth
 - Level 7.4 Unarmed Combat
 + Level 6.3 Invocations


You had 9 spell levels left.
You didn't know any spells.

Dungeon Overview and Level Annotations

Branches:
Dungeon (9/15)             Temple (1/1) D:4
   Lair: D:8-11         Orc: D:9-12

Altars:
Ashenzari
Cheibriados
Dithmenos
Elyvilon
Fedhas
Gozag
Kikubaaqudgha
Makhleb
Nemelex Xobeh
Okawaru
Qazlal
Ru
Sif Muna
Trog
Vehumet
Xom
Yredelemnul
Zin
The Shining One


Innate Abilities, Weirdness & Mutations

You are too large for most types of armour.
You have claws for hands.
Your metabolism is lightning-fast.
You like to eat raw meat.
You heal very quickly.
You are covered in fur (AC +1).
You have very tough skin (AC +2).


Message History

You closely miss the killer bee.
You feel very sick. The killer bee stings you.
The killer bee closely misses you. The killer bee completely misses you.
The killer bee stings you!
The killer bee stings you but does no damage.
You closely miss the killer bee.
You feel very sick. The killer bee stings you!
* * * LOW HITPOINT WARNING * * *
You are more poisoned.
The killer bee poisons you! The killer bee barely misses you.
The killer bee barely misses you. The killer bee stings you.
* * * LOW HITPOINT WARNING * * *
You are more poisoned.
The killer bee poisons you! The killer bee stings you!
* * * LOW HITPOINT WARNING * * *
* * * LOW HITPOINT WARNING * * *
You feel very sick. The killer bee barely misses you.
The killer bee stings you!
You die...

#.............#........# #
#.............#........# #
#.......##....#........#####
#.......##....###...........
#...............#...........
#...............#...........
#...............#...........
#......###....###...........
##########.@..#........#####
#.........y...#........#....
#.............#........#....
#.............#........#....
#.............'........#....
#....####.##..#........#....
#########.######.......#....
#....+....#....#.......#....
#....#....#....#.......#....


You could see a killer bee (berserk).

Vanquished Creatures
  The ghost of WereVolvo the Magician, a novice DEWz (D:6)
  The ghost of emiel the Sneak, a novice NaEn (D:7)
  Sigmund (D:4)
  A hippogriff (D:8)
  A hungry ghost (D:7)
  Menkaure (D:5)
  2 ice beasts (D:6)
  2 black bears (D:5)
  2 ogres
  2 orc warriors
  4 centaurs
  4 phantoms
  2 giant frogs
  A wyvern zombie (D:6)
  2 scorpions
  3 killer bees (D:9)
  4 crimson imps
  3 hounds
  A giant frog skeleton (D:5)
  A quasit (D:7)
  2 orc priests
  A centaur skeleton (D:4)
  2 jellies (D:8)
  6 orc wizards
  2 iguanas
  6 worker ants
  2 hound skeletons (D:7)
  A worker ant zombie (D:7)
  5 adders
  4 gnolls
  A shadow imp (D:8)
  An adder zombie (D:5)
  3 worms
  5 giant geckos
  21 orcs
  2 ball pythons (D:1)
  3 bats
  3 hobgoblins
  13 jackals
  3 kobolds
  6 giant cockroaches
  4 giant newts
  A jackal skeleton (D:4)
  2 quokka skeletons
  4 rats
142 creatures vanquished.

Vanquished Creatures (collateral kills)
  5 killer bees (D:9)
5 creatures vanquished.

Vanquished Creatures (others)
  An orc wizard (D:5)
1 creature vanquished.

Grand Total: 148 creatures vanquished

Notes
Turn   | Place    | Note
--------------------------------------------------------------
     0 | D:1      | Lonerover the Troll Monk began the quest for the Orb.
     0 | D:1      | Reached XP level 1. HP: 22/22 MP: 0/0
   311 | D:1      | Reached XP level 2. HP: 26/29 MP: 1/1
   829 | D:2      | Reached XP level 3. HP: 31/36 MP: 2/2
  1064 | D:2      | Found a sacrificial altar of Ru.
  1254 | D:3      | Reached XP level 4. HP: 42/45 MP: 3/3
  1545 | D:3      | Reached skill level 5 in Unarmed Combat
  2077 | D:4      | Reached XP level 5. HP: 53/53 MP: 4/4
  2133 | D:4      | Found a bloodstained altar of Trog.
  2161 | D:4      | Found a glowing silver altar of Zin.
  2214 | D:4      | Noticed Sigmund
  2249 | D:4      | Killed Sigmund
  2249 | D:4      | Reached XP level 6. HP: 43/62 MP: 5/5
  2325 | D:4      | Noticed an ogre
  2334 | D:4      | Killed an ogre
  2334 | D:4      | Reached skill level 6 in Unarmed Combat
  2686 | D:4      | Found a staircase to the Ecumenical Temple.
  2936 | Temple   | Entered the Ecumenical Temple
  3189 | Temple   | Became a worshipper of Makhleb the Destroyer
  3189 | Temple   | Reached * piety under Makhleb
  3189 | Temple   | Reached ** piety under Makhleb
  3235 | D:5      | Entered Level 5 of the Dungeon
  3274 | D:5      | Reached XP level 7. HP: 71/71 MP: 6/6
  3466 | D:5      | Found an ancient bone altar of Kikubaaqudgha.
  3594 | D:5      | Reached skill level 1 in Invocations
  3615 | D:5      | Noticed Menkaure
  3619 | D:5      | Killed Menkaure
  3619 | D:5      | Reached skill level 5 in Fighting
  3619 | D:5      | Reached skill level 7 in Unarmed Combat
  3668 | D:5      | Found a stormy altar of Qazlal.
  4063 | D:6      | Reached XP level 8. HP: 49/81 MP: 7/9
  4068 | D:6      | Found a sparkling altar of Nemelex Xobeh.
  4071 | D:6      | Noticed WereVolvo's ghost (novice DEWz)
  4256 | D:5      | Identified a scroll of acquirement
  4259 | D:5      | Got a shimmering executioner's axe
  4260 | D:5      | Identified the +3 executioner's axe of Xyliuss {elec, rF+ MR++ MP+9 Str-5} (You acquired it on level 5 of the Dungeon)
  4460 | D:6      | Reached skill level 1 in Axes
  4583 | D:6      | Reached *** piety under Makhleb
  4661 | D:6      | HP: 4/83 [orc wizard/puff of flame (1)]
  4959 | D:6      | Killed WereVolvo's ghost
  5025 | D:6      | Reached XP level 9. HP: 92/92 MP: 11/11
  5296 | D:7      | Reached skill level 5 in Invocations
  5388 | D:7      | Noticed emiel's ghost (novice NaEn)
  5413 | D:7      | Killed emiel's ghost
  6072 | D:8      | Found an iron altar of Okawaru.
  6257 | D:8      | Reached skill level 5 in Axes
  6294 | D:8      | Found a bloodstained altar of Trog.
  6761 | D:9      | Reached XP level 10. HP: 28/104 MP: 13/13
  6904 | D:9      | Reached **** piety under Makhleb
  6912 | D:8      | Slain by a killer bee

Action                   |  1- 3 |  4- 6 |  7- 9 | 10-12 || total
-------------------------+-------+-------+-------+-------++-------
Melee: Unarmed           |    64 |    94 |    75 |       ||   233
       Executioner's axe |       |       |   207 |    11 ||   218
Throw: Stone             |       |     3 |       |       ||     3
Invok: Lesser Servant of |       |       |     4 |       ||     4
       Minor Destruction |       |       |     2 |       ||     2
  Use: Scroll            |     4 |     1 |     9 |     1 ||    15
       Potion            |     1 |       |     5 |       ||     6
 Stab: Sleeping          |     1 |     2 |     2 |       ||     5
  Eat: Chunk             |     8 |    24 |    19 |       ||    51
       Bread ration      |       |       |     5 |       ||     5
       Royal jelly       |       |       |     2 |       ||     2
